 Dungeon Crawl Stone Soup version 0.30-a0-154-gb106f4c828 (webtiles) character file.

Game seed: 15242370300080028543

19555 Essalna the Destroyer (level 12, -2/80 HPs)
             Began as a Gargoyle Fire Elementalist on Sept 23, 2022.
             Was a Priest of Vehumet.
             Slain by an ice devil (21 damage)
             ... on level 2 of the Orcish Mines on Sept 27, 2022.
             The game lasted 00:37:27 (17870 turns).

Essalna the Destroyer (Gargoyle Fire Elementalist) Turns: 17870, Time: 00:37:27

Health: -2/80      AC: 19    Str: 12    XL:     12   Next: 70%
Magic:  4/15       EV: 12    Int: 22    God:    Vehumet [***...]
Gold:   929        SH:  5    Dex: 13    Spells: 3/15 levels left

rFire   + + +      SeeInvis .    u - staff of fire
rCold   . . .      Faith    .    F - +0 buckler
rNeg    + . .      Spirit   .    l - +1 robe {rC+ rF+}
rPois   ∞          Reflect  .    f - +0 helmet
rElec   +          Harm     .    g - +0 cloak
rCorr   .          Rampage  .    (no gloves)
Will    .....                    T - +0 pair of boots {Fly}
Stlth   ++........               Q - amulet of magic regeneration
HPRegen 0.23/turn                E - ring of fire
MPRegen 0.54/turn                L - +4 ring of protection

@: about to teleport, flying, unable to drink
A: sickness immunity, AC +8, negative energy resistance 1, electricity
resistance, torment resistance 1, petrification resistance, agile 1, clever 1,
inability to drink after injury 1
a: Renounce Religion


You were on level 2 of the Orcish Mines.
You worshipped Vehumet.
Vehumet was most pleased with you.
You visited 4 branches of the dungeon, and saw 16 of its levels.

You collected 929 gold pieces.

Inventory:

Hand Weapons
 s - a +1 dagger of venom
Armour
 a - a +0 robe
 f - a +0 helmet (worn)
 g - a +0 cloak (worn)
 l - a +1 robe of resistance (worn)
 F - a +0 buckler (worn)
 M - a +0 troll leather armour
 T - a +0 pair of boots of flying (worn)
Magical Staves
 t - a staff of death
 u - a staff of fire (weapon)
Jewellery
 c - a ring of ice
 C - a ring of willpower
 E - a ring of fire (left hand)
 H - the amulet "Osaiseot" {Acrobat Rampage +Inv rElec Str+2}
   (You found it on level 8 of the Dungeon)

   [amulet of the acrobat]

   It increases your evasion while moving and waiting.
   Str:       It affects your strength (+2).
   rElec:     It insulates you from electricity.
   +Inv:      It lets you turn invisible.
   Rampage:   It bestows one free step when moving towards enemies.
 L - a +4 ring of protection (right hand)
 Q - an amulet of magic regeneration (around neck)
Wands
 D - a wand of charming (13)
 I - a wand of flame (39)
 J - a wand of digging (6)
 N - a wand of iceblast (6)
 R - a wand of light (2)
Scrolls
 b - 2 scrolls of vulnerability {unknown}
 d - 2 scrolls of noise {unknown}
 i - a scroll of amnesia {unknown}
 m - 3 scrolls of fear {unknown}
 n - 4 scrolls of fog {unknown}
 p - 3 scrolls of immolation {unknown}
 q - 17 scrolls of identify {unknown}
 r - a scroll of enchant weapon {unknown}
 v - 4 scrolls of magic mapping {unknown}
 y - 2 scrolls of summoning {unknown}
 A - a scroll of blinking {unknown}
 G - 2 scrolls of poison
 K - a scroll of enchant armour {unknown}
 O - 3 scrolls of silence {unknown}
 P - a scroll of teleportation
 S - a scroll of brand weapon
Potions
 e - 4 potions of lignification
 h - 3 potions of mutation
 j - 2 potions of invisibility
 k - 2 potions of might
 o - 5 potions of curing
 w - a potion of ambrosia {unknown}
 x - 3 potions of heal wounds
 z - 2 potions of haste
 B - a potion of cancellation {unknown}
 U - a potion of attraction {unknown}


   Skills:
 + Level 11.6 Fighting
 + Level 2.8 Armour
 + Level 2.7 Dodging
 - Level 2.1 Stealth
 - Level 4.0 Shields
 - Level 2.0 Spellcasting
 + Level 13.0 Conjurations
 + Level 12.4 Fire Magic


You had 3 spell levels left.
You knew the following spells:

 Your Spells              Type           Power      Damage    Failure   Level
a - Foxfire               Conj/Fire      100%       2x1d9     1%          1
b - Scorch                Fire           100%       2d10      1%          2
c - Flame Wave            Conj/Fire      92%        2d19      1%          4
d - Fireball              Conj/Fire      46%        3d18      1%          5

Your spell library contained the following spells:

 Spells                   Type           Power      Damage    Failure   Level
 Ignite Poison            Fire/Tmut/Pois 45%        N/A       2%          3
 Inner Flame              Hex/Fire       60%        N/A       1%          3
 Stone Arrow              Conj/Erth      60%        3d10      1%          3
 Kindle Blastsparks       Fire/Tloc/Air  90%        2d17      2%          3
 Sandblast                Erth           4%         2d4       4%          1
 Passwall                 Tmut/Erth      1%         N/A       26%         2
 Gell's Gravitas          Tloc           2%         N/A       45%         3
 Ozocubu's Armour         Ice            2%         N/A       45%         3
 Teleport Other           Tloc           2%         N/A       45%         3
 Starburst                Conj/Fire      46%        6d13      4%          6
 Ignition                 Fire           45%        3d13      83%         8
 Petrify                  Tmut/Erth      2%         N/A       86%         4
 Metabolic Englaciation   Hex/Ice        1%         N/A       99%         5
 Dispersal                Tloc           1%         N/A       100%        6
 Ozocubu's Refrigeration  Ice            1%         4d7       100%        7
 Disjunction              Tloc           1%         N/A       100%        8
 Statue Form              Tmut/Erth      Unusable   N/A       N/A         6

Dungeon Overview and Level Annotations

Branches:
Dungeon (12/15)            Temple (1/1) D:6            Lair (1/5) D:10
    Orc (2/2) D:12            Elf (0/3) Orc:2

Altars:
Ashenzari
Cheibriados
Dithmenos
Elyvilon
Fedhas
Gozag
Hepliaklqana
Kikubaaqudgha
Makhleb
Nemelex Xobeh
Okawaru
Qazlal
Ru
Sif Muna
Trog
Uskayaw
Vehumet
Wu Jian
Xom
Yredelemnul
Zin
The Shining One

Shops:
D:3 *   D:5 ?   D:8 [

Annotations:
Lair:1 Urug


Innate Abilities, Weirdness & Mutations

You are immune to sickness and miasma.
Your stone body is resilient. (AC +8)
You are immune to poison.
You resist negative energy. (rN+)
You are resistant to electric shocks. (rElec)
You are resistant to unholy torment.
You are immune to petrification.
You are agile. (Dex +4, Str/Int -1)
Your mind is acute. (Int +4, Str/Dex -1)
You occasionally lose the ability to drink potions when taking damage.


Message History

Confirm with . or Enter, or press ? or * to list all spells.
You don't have enough magic to cast this spell.
Casting: Scorch (safe; 1% risk of failure)
Confirm with . or Enter, or press ? or * to list all spells.
You don't have enough magic to cast this spell.
Casting: Scorch (safe; 1% risk of failure)
Confirm with . or Enter, or press ? or * to list all spells.
You don't have enough magic to cast this spell.
Casting: Scorch (safe; 1% risk of failure)
Confirm with . or Enter, or press ? or * to list all spells.
You feel a strong surge of power!
You conjure some foxfire!
The ice devil barely misses you.
Casting: Foxfire (safe; 1% risk of failure)
Confirm with . or Enter, or press ? or * to list all spells.
You feel a strong surge of power!
You conjure some foxfire!
The foxfire hits the ice devil but does no damage.
The ice devil is heavily wounded.
The foxfire hits the ice devil but does no damage.
The ice devil is heavily wounded.
The ice devil hits you but does no damage.
You closely miss the ice devil.
The ice devil is heavily wounded.
The foxfire hits the ice devil.
The ice devil is burned terribly!
The ice devil is heavily wounded.
The foxfire hits the ice devil but does no damage.
The ice devil is heavily wounded.
The ice devil hits you! The ice devil freezes you!
The ice devil attacks as you move away!
The ice devil hits you but does no damage.
The ice devil attacks as you move away! The ice devil hits you!
The ice devil freezes you!!
* * * LOW HITPOINT WARNING * * *
As you read the scroll of teleportation, it crumbles to dust.
You feel strangely unstable.
The ice devil is no longer more vulnerable to fire.
The ice devil hits you.
* * * LOW HITPOINT WARNING * * *
The ice devil freezes you!!
You feel threatened and lose the ability to drink potions!
You die...

#..######### ..
##..##.#.#.## ......
##.........## .......
##.........###........
##))......##.........
##)..............)..
#.....#.......)....
####.#4.).........
####@.....).#
####)).#### ..
#.))....# #..
##......##... ###
#.#........# ##.###
##........## #..#.##
##........#
######.....##
##......##
##.##..#.....##
#........#


You could see an ice devil.

Vanquished Creatures
  A deep elf annihilator (D:12)
  A centaur warrior (D:11)
  4 two-headed ogres
  2 orc knights
  2 orc sorcerers
  A black mamba (Lair:1)
  2 cane toads (Lair:1)
  3 komodo dragons
  An unseen horror (D:11)
  Psyche (D:10)
  2 kobold demonologists
  8 trolls
  2 hornets
  Sigmund (D:4)
  2 shadows (D:10)
  A wyvern (D:9)
  7 yaks
  3 wraiths
  2 steam dragons (D:9)
  5 vampire mosquitoes
  A warg (Orc:1)
  Edmund (D:4)
  2 acid dragons
  3 water moccasins
  2 sky beasts
  19 orc warriors
  An ice beast (D:7)
  A black bear (D:10)
  2 ogres
  3 centaurs
  4 phantoms
  5 kobold brigands
  7 bullfrogs
  A gnoll sergeant (D:12)
  3 scorpions (D:10)
  A necrophage (D:7)
  A wight (D:9)
  10 killer bees
  An electric eel (D:10)
  5 howler monkeys
  A lava snake (D:8)
  16 orc priests
  A jelly (D:6)
  Jessica (D:3)
  2 iguanas (D:5)
  13 orc wizards
  Robin (D:3)
  5 gnolls (D:12)
  10 adders
  A shadow imp (D:5)
  A white imp (D:6)
  2 dart slugs
  39 orcs
  5 bats
  5 endoplasms
  2 giant cockroaches
  15 goblins
  13 hobgoblins
  7 jackals
  5 quokkas
  4 ball pythons
  6 frilled lizards
  23 kobolds
  4 rats
306 creatures vanquished.

Vanquished Creatures (collateral kills)
  7 foxfires (D:1)
7 creatures vanquished.

Vanquished Creatures (others)
  1213 foxfires
  47 fungi (D:10)
  63 plants
1323 creatures vanquished.

Grand Total: 1636 creatures vanquished

Notes
Turn   | Place    | Note
-------+----------+-------------------------------------------
     0 | D:1      | Essalna the Gargoyle Fire Elementalist began the quest for
                  | the Orb.
     0 | D:1      | Reached XP level 1. HP: 10/10 MP: 3/3
   470 | D:1      | Reached XP level 2. HP: 15/15 MP: 3/5
   629 | D:1      | Reached skill level 2 in Conjurations
  1266 | D:1      | Reached XP level 3. HP: 19/19 MP: 6/6
  2131 | D:2      | Reached XP level 4. HP: 24/24 MP: 3/7
  2370 | D:2      | Reached skill level 3 in Conjurations
  2748 | D:3      | Noticed Robin
  2757 | D:3      | Killed Robin
  2940 | D:3      | Found Kased's Assorted Antiques.
  2944 | D:3      | Learned a level 2 spell: Scorch
  3262 | D:3      | Found a faded altar of an unknown god.
  3264 | D:3      | Noticed Jessica
  3267 | D:3      | Killed Jessica
  3268 | D:3      | Reached XP level 5. HP: 28/28 MP: 4/8
  3651 | D:4      | Noticed Sigmund
  3916 | D:4      | Killed Sigmund
  3917 | D:4      | Reached skill level 4 in Conjurations
  3917 | D:4      | Reached skill level 5 in Fire Magic
  3917 | D:4      | Reached XP level 6. HP: 23/32 MP: 5/9
  4100 | D:4      | Noticed Edmund
  4623 | D:4      | Reached skill level 5 in Conjurations
  4988 | D:5      | Entered Level 5 of the Dungeon
  5311 | D:5      | Reached XP level 7. HP: 36/36 MP: 3/10
  5672 | D:5      | Reached skill level 6 in Conjurations
  5881 | D:5      | Found Lyibiol's Magic Scroll Emporium.
  6295 | D:4      | Killed Edmund
  6296 | D:4      | Reached skill level 1 in Fighting
  7059 | D:5      | Reached XP level 8. HP: 44/44 MP: 3/11
  7331 | D:6      | Found a basalt altar of Yredelemnul.
  7582 | D:6      | Found a staircase to the Ecumenical Temple.
  7589 | Temple   | Entered the Ecumenical Temple
  7879 | D:6      | Reached skill level 7 in Conjurations
  7922 | D:6      | Noticed a yak
  7922 | D:6      | Noticed a yak
  7922 | D:6      | Noticed a yak
  7924 | D:6      | Noticed a yak
  7924 | D:6      | Noticed a yak
  7924 | D:6      | Noticed a yak
  8468 | D:5      | Killed a yak
  8744 | D:7      | Noticed a hornet
  8752 | D:7      | Killed a hornet
  8753 | D:7      | Reached skill level 5 in Fighting
  8753 | D:7      | Reached skill level 8 in Conjurations
  8753 | D:7      | Reached XP level 9. HP: 54/54 MP: 2/12
  9271 | D:8      | Found Zesaf's Armour Shoppe.
  9479 | D:8      | Identified the amulet "Osaiseot" {Acrobat Rampage +Inv
                  | rElec Str+2}
  9510 | D:8      | Upgraded the game from 0.30-a0-137-gd8773701ce to
                  | 0.30-a0-154-gb106f4c828
 10763 | D:9      | Found a bloodstained altar of Trog.
 10769 | D:9      | Learned a level 4 spell: Flame Wave
 10842 | D:9      | Reached skill level 9 in Conjurations
 10845 | D:9      | Noticed a troll
 10854 | D:10     | Entered Level 10 of the Dungeon
 10855 | D:10     | Found a radiant altar of Vehumet.
 10855 | D:10     | Noticed a troll
 10869 | D:10     | Gained mutation: You occasionally lose the ability to drink
                  | potions when taking damage. [potion of mutation]
 10869 | D:10     | Gained mutation: You are agile. (Dex +4, Str/Int -1)
                  | [potion of mutation]
 10869 | D:10     | Gained mutation: Your mind is acute. (Int +4, Str/Dex -1)
                  | [potion of mutation]
 11012 | D:10     | Noticed Psyche
 11028 | D:10     | Reached XP level 10. HP: 60/63 MP: 5/13
 11047 | D:10     | Killed Psyche
 11184 | D:9      | Learned a level 5 spell: Fireball
 11344 | D:9      | Found a glowing silver altar of Zin.
 11407 | D:9      | Found a sacrificial altar of Ru.
 11708 | D:9      | Reached skill level 10 in Conjurations
 12015 | D:9      | Reached skill level 10 in Fire Magic
 12635 | D:10     | Found a staircase to the Lair.
 12796 | D:10     | Reached XP level 11. HP: 71/71 MP: 9/14
 12819 | D:10     | Reached skill level 11 in Conjurations
 12969 | D:10     | Found an ornate altar of the Wu Jian Council.
 13115 | D:10     | Became a worshipper of Vehumet
 13481 | D:10     | Found a snail-covered altar of Cheibriados.
 13546 | Lair:1   | Entered Level 1 of the Lair of Beasts
 13780 | Lair:1   | Noticed Urug
 14244 | D:11     | Reached skill level 10 in Fighting
 14257 | D:11     | Noticed a centaur warrior
 14268 | D:11     | Killed a centaur warrior
 14859 | D:12     | Noticed a two-headed ogre
 14896 | D:12     | Noticed a sun demon
 14901 | D:12     | Reached skill level 12 in Conjurations
 15001 | D:12     | Killed a two-headed ogre
 15001 | D:12     | Reached * piety under Vehumet
 15001 | D:12     | Offered knowledge of Magic Dart by Vehumet.
 15139 | D:12     | Noticed an orc sorcerer
 15145 | D:12     | Noticed a deep elf annihilator
 15155 | D:12     | Killed a deep elf annihilator
 15169 | D:12     | Killed an orc sorcerer
 15304 | D:12     | Reached XP level 12. HP: 79/79 MP: 8/15
 15621 | D:12     | Found a staircase to the Orcish Mines.
 15892 | D:12     | Noticed a two-headed ogre
 15899 | D:12     | Killed a two-headed ogre
 15900 | D:12     | Reached skill level 1 in Shields
 16148 | Orc:1    | Entered Level 1 of the Orcish Mines
 16330 | Orc:1    | Offered knowledge of Poisonous Vapours by Vehumet.
 16332 | Orc:1    | Reached ** piety under Vehumet
 16756 | Orc:1    | Noticed a two-headed ogre
 16764 | Orc:1    | Noticed a two-headed ogre
 16766 | Orc:1    | Killed a two-headed ogre
 16777 | Orc:1    | Killed a two-headed ogre
 16778 | Orc:1    | Reached skill level 1 in Armour
 17458 | Orc:2    | Entered Level 2 of the Orcish Mines
 17463 | Orc:2    | Reached skill level 13 in Conjurations
 17597 | Orc:2    | Found a staircase to the Elven Halls.
 17710 | Orc:2    | Offered knowledge of Ignite Poison by Vehumet.
 17857 | Orc:2    | Reached *** piety under Vehumet
 17870 | Orc:2    | Slain by an ice devil

Illustrated notes

Levels and vault maps discovered:
D:1:      kilobyte_arrival_exit_the_forest, layout_loops_ring, serial_forest,
          infiniplex_forest_corner_1, infiniplex_forest_3_way,
          infiniplex_forest_lined_2, infiniplex_forest_zigzag_1,
          infiniplex_forest_clump_cross, chequers_serial_rivers_micro_a
D:2:      layout_basic, hangedman_decor_lopped
D:3:      layout_basic, chequers_ecumenical_altar_simple, serial_shops,
          nicolae_shop_overgrown_old_shop, uniq_jessica, uniq_robin
D:4:      layout_loops_ring, mrwooster_statue_mirror, uniq_edmund, uniq_sigmund
D:5:      layout_basic, serial_shops, shop_statue, amcnicky_mini_pool_small
D:6:      layout_layer_cave, mainiacjoe_overflow_catwalk, temple_green,
          uniq_eustachio
D:7:      layout_basic
D:8:      layout_basic, serial_shops, shop, grunt_ministairs_2,
          kennysheep_small_spiral
D:9:      layout_cave_pools, mainiacjoe_overflow_alcove_4,
          nicolae_ru_sacrificial_ziggurat, zin_scriptorium,
          minmay_increasing_density
D:10:     layout_basic, nicolae_vehumet_radiance, nzn_wu_jian_council_hall,
          lemuel_coloured_pillars_altar, due_lair_maze_entry_diamond,
          nrook_pool_corridor, uniq_psyche
D:11:     layout_rooms
D:12:     cheibrodos_wizards_tower, layout_loops_ring, nicolae_hexahallways,
          nrook_mini_vaults
Temple:   nicolae_temple_bog_church
Lair:1:   layout_regular_city, serial_forest, infiniplex_forest_clump_double,
          infiniplex_forest_straight_4, infiniplex_forest_join,
          infiniplex_forest_straight_3, infiniplex_forest_corner_1,
          infiniplex_forest_straight_1, infiniplex_forest_lined_room_2,
          uniq_urug
Orc:1:    layout_diamond_mine
Orc:2:    pf_orc_diabolical, layout_diamond_mine

Skill      XL: |  1  2  3  4  5  6  7  8  9 10 11 12 |
---------------+-------------------------------------+-----
Conjurations   | 2 3 4 5 6 8 9 10 12 13 | 13.0
Fire Magic     | 4 5 6 7 9 10 11 12 | 12.4
Fighting       | 2 5 7 9 10 11 | 11.6
Shields        | 4 |  4.0
Armour         | 2 |  2.8
Dodging        | 2 |  2.7
Stealth        | |  2.1
Spellcasting   | |  2.0

Action                   |  1- 3 |  4- 6 |  7- 9 | 10-12 || total
-------------------------+-------+-------+-------+-------++-------
Melee: Unarmed           |     6 |       |     3 |     4 ||    13
       Dagger            |    49 |     5 |    12 |       ||    66
       Punch             |     1 |     1 |     2 |       ||     4
       Staff             |       |    32 |    24 |    47 ||   103
 Cast: Foxfire           |    76 |   115 |   169 |   343 ||   703
       Scorch            |       |    11 |    51 |   101 ||   163
       Flame Wave        |       |       |     2 |    29 ||    31
Evoke: Wand              |       |       |       |     5 ||     5
  Use: Scroll            |     2 |     1 |     4 |     1 ||     8
       Potion            |       |     1 |     8 |     1 ||    10
 Stab: Sleeping          |     1 |       |     1 |       ||     2
Armor: Robe              |    38 |    28 |    37 |   108 ||   211
       Skin              |       |       |     2 |     4 ||     6
Dodge: Dodged            |    70 |    31 |    47 |   127 ||   275
Block: Buckler           |       |       |       |    17 ||    17

Table legend: (Time is in decaauts)
 A = Elapsed time spent in this place.
 B = Non-inter-level travel time spent in this place.
 C = Inter-level travel time spent in this place.
 D = Time resting spent in this place.
 E = Time spent auto-exploring this place.
 F = Levels seen in this place.
 G = Mean time per level.
                   A        B        C        D        E       F      G
               +--------+--------+--------+--------+--------+-----+--------+
         Total |  17888 |  16970 |    918 |   1290 |  13271 |  16 | 1118.0 |
       Dungeon |  16176 |  15308 |    868 |   1223 |  12100 |  12 | 1348.0 |
        Temple |    123 |    123 |      0 |      0 |     64 |   1 |  123.0 |
          Lair |    289 |    289 |      0 |      0 |    224 |   1 |  289.0 |
  Orcish Mines |   1298 |   1248 |     50 |     67 |    882 |   2 |  649.0 |
               +--------+--------+--------+--------+--------+-----+--------+

Top non-repeatable levels by time:
     D:5: 1814 daAuts
     D:4: 1707 daAuts
    D:12: 1693 daAuts
     D:1: 1642 daAuts
    D:10: 1632 daAuts
     D:8: 1458 daAuts
     D:9: 1307 daAuts
     D:2: 1094 daAuts
     D:3: 1084 daAuts
   Orc:1: 957 daAuts
     D:6: 951 daAuts
    D:11: 921 daAuts
     D:7: 868 daAuts
   Orc:2: 341 daAuts
  Lair:1: 289 daAuts
